 Dungeon Crawl Stone Soup version 0.29.0-13-gc9e81de378 (webtiles) character file.

Game seed: 11379509377708751411

41 masschaos23 the Trooper (level 3, -3/30 HPs)
             Began as a Demonspawn Chaos Knight on Sept 7, 2022.
             Was a Plaything of Xom.
             Slain by Terence
             ... wielding a +0 mace
              (4 damage)
             ... on level 2 of the Dungeon.
             The game lasted 00:05:43 (609 turns).

masschaos23 the Trooper (Demonspawn Chaos Knight)    Turns: 609, Time: 00:05:43

Health: -3/30      AC:  6    Str: 12    XL:     3   Next: 32%
Magic:  3/3        EV: 11    Int: 13    God:    Xom [..*...]
Gold:   74         SH:  0    Dex: 14    Spells: 2/2 levels left

rFire   . . .      SeeInvis .   a - +0 spear (chaos)
rCold   . . .      Faith    .   (no shield)
rNeg    . . .      Spirit   .   b - +2 leather armour
rPois   .          Reflect  .   (no helmet)
rElec   .          Harm     .   (no cloak)
rCorr   .          Rampage  .   (no gloves)
Will    .....                   (no boots)
Stlth   +.........              (no amulet)
HPRegen 0.10/turn               (no ring)
MPRegen 0.08/turn               (no ring)

@: brilliant
A: sharp scales 1
a: Renounce Religion


You were on level 2 of the Dungeon.
You worshipped Xom.
You were a toy of Xom.
You visited 1 branch of the dungeon, and saw 2 of its levels.

You collected 74 gold pieces.

Inventory:

Hand Weapons
 a - a +0 spear of chaos (weapon)
 e - a +0 spear
Missiles
 j - 3 poisoned darts
Armour
 b - a +2 leather armour (worn)
 g - a +0 scale mail
Scrolls
 d - a scroll of identify {unknown}
 h - a scroll of immolation
 i - a scroll of brand weapon {unknown}
 k - a scroll of teleportation {unknown}
 l - a scroll of summoning {unknown}
 m - 2 scrolls of fear {unknown}
Miscellaneous
 c - a piece from Xom's chessboard (10/15) (quivered)


   Skills:
 + Level 3.8 Fighting
 + Level 3.1 Polearms
 + Level 2.0 Armour
 + Level 1.1 Dodging


You had 2 spell levels left.
You didn't know any spells.
Your spell library was empty.

Dungeon Overview and Level Annotations

Branches:
Dungeon (2/15)

Altars:

Annotations:
D:2 Terence


Innate Abilities, Weirdness & Mutations

You are partially covered in razor-sharp scales. (AC +1, Slay +1)


Message History

Non-targeted evoke: piece from Xom's chessboard (13/15)
Press: ? - help, Q - select action, (/) - cycle Dir - look around, f - activate Look: Terence, wielding a +0 mace and wearing a +0 scale mail You make a move on Xom's chessboard...
The endoplasm falls asleep!
Terence closely misses you.
Non-targeted evoke: piece from Xom's chessboard (12/15)
Press: ? - help, Q - select action, (/) - cycle Dir - look around, f - activate Look: Terence, wielding a +0 mace and wearing a +0 scale mail You make a move on Xom's chessboard...
The endoplasm quivers.
The endoplasm seems to speed up.
Terence misses you.
You completely miss Terence. Terence hits you but does no damage.
You barely miss Terence. Terence closely misses you.
Non-targeted evoke: piece from Xom's chessboard (11/15)
Press: ? - help, Q - select action, (/) - cycle Dir - look around, f - activate Look: Terence, wielding a +0 mace and wearing a +0 scale mail You make a move on Xom's chessboard...
Terence resists with significant effort.
Terence hits you with a +0 mace.
You hit Terence.
Terence is lightly wounded.
Terence shouts, "Now you die!" Terence hits you with a +0 mace.
You hit Terence but do no damage.
Terence flickers and vanishes!
Deactivating autopickup; reactivate with Ctrl-A.
Something hits you.
The endoplasm jiggles.
You hit something but do no damage. Something hits you.
You hit something but do no damage.
Xom is highly amused!
Nothing appears to happen.
Something hits you!
* * * LOW HITPOINT WARNING * * *
You hit something. You burn something. Something hits you.
* * * LOW HITPOINT WARNING * * *
It was a potion of brilliance.
You feel clever all of a sudden.
Xom thinks this is hilarious!
Something hits you.
You die...

. .# ..# #.>##
.)<... #....
######$.#..#.
#..@{J.......
......†.###..##....
..####### #.## #
... ..## ..@. ....
..r..


You could see an endoplasm (fast).

Vanquished Creatures
  An adder (D:2)
  2 ball pythons
  2 bats (D:1)
  An endoplasm (D:1)
  4 hobgoblins (D:1)
  6 jackals (D:1)
  3 kobolds (D:1)
  A quokka (D:1)
  2 frilled lizards (D:1)
  2 goblins (D:1)
  4 rats (D:1)
28 creatures vanquished.

Vanquished Creatures (collateral kills)
  A ball python (D:1)
1 creature vanquished.

Vanquished Creatures (others)
  A ball python zombie (D:1)
1 creature vanquished.

Grand Total: 30 creatures vanquished

Notes
Turn   | Place    | Note
-------+----------+-------------------------------------------
     0 | D:1      | masschaos23 the Demonspawn Chaos Knight began the quest for
                  | the Orb.
     0 | D:1      | Reached XP level 1. HP: 18/18 MP: 1/1
    11 | D:1      | XOM: silly message
   145 | D:1      | Gained mutation: You are partially covered in razor-sharp
                  | scales. (AC +1, Slay +1) [demonic ancestry]
   145 | D:1      | Reached XP level 2. HP: 12/24 MP: 2/2
   194 | D:1      | Reached skill level 1 in Dodging
   216 | D:1      | Found a faded altar of an unknown god.
   260 | D:1      | XOM: silly message
   542 | D:1      | Reached XP level 3. HP: 17/29 MP: 3/3
   590 | D:2      | Noticed Terence
   608 | D:2      | HP: 1/30 [something (3)]
   609 | D:2      | Slain by Terence

Illustrated notes

Levels and vault maps discovered:
D:1:      wander_arrival_lonely_grave, layout_basic,
          hellmonk_ecumenical_altar_blasted
D:2:      layout_rooms, uniq_terence

Skill      XL: |  1  2 |
---------------+-------+-----
Dodging        | 1 |  1.1
Armour         | 2 |  2.0
Polearms       | 3 |  3.1
Fighting       | |  3.8

Action                   || total
-------------------------++-------
Melee: Spear             ||    89
       Punch             ||     1
Evoke: Piece from Xom's  ||     5
  Use: Potion            ||     1
 Stab: Sleeping          ||     1
Armor: Leather armour    ||    47
Dodge: Dodged            ||    64
